 Dungeon Crawl Stone Soup version 0.29.1-1-gd02db6906a (webtiles) character file.

Game seed: 13349010601103425559

8088 Melum the Fighter (level 11, 0/89 HPs)
             Began as a Djinni Hedge Wizard on Oct 16, 2022.
             Was a Believer of Makhleb.
             Slain by a yak (12 damage)
             ... on level 9 of the Dungeon.
             The game lasted 01:04:26 (10914 turns).

Melum the Fighter (Djinni Hedge Wizard)            Turns: 10914, Time: 01:04:26

Health: 0/89       AC:  8    Str:  9    XL:     11   Next: 49%
Gold:   708        EV: 13    Int: 21    God:    Makhleb [**....] SH: 12 Dex: 12

rFire   + + .      SeeInvis .   a - +1 whip (elec)
rCold   . . .      Faith    .   I - +2 buckler {reflect}
rNeg    . . .      Spirit   .   L - +2 robe {Will+}
rPois   ∞          Reflect  +   H - +0 helmet
rElec   .          Harm     .   K - +0 cloak {Stlth+}
rCorr   .          Rampage  .   w - +1 pair of gloves
Will    ++...                   (boots unavailable)
Stlth   ++++......              s - amulet of reflection
HPRegen 0.24/turn               h - ring of protection from cold
MPRegen 0.00/turn               (no ring)

@: flying
A: sickness immunity, fire resistance 2, cold vulnerability 1, float, innate
caster, HP casting, extra vitality 1
a: Renounce Religion, Minor Destruction


You were on level 9 of the Dungeon.
You worshipped Makhleb.
Makhleb was pleased with you.
You visited 2 branches of the dungeon, and saw 10 of its levels.
You also visited: Ossuary.

You collected 868 gold pieces.
You spent 160 gold pieces at shops.

Inventory:

Hand Weapons
 a - a +1 whip of electrocution (weapon)
 b - a +2 dagger of holy wrath
 d - a +2 whip of freezing
 e - a +4 short sword
 F - the +6 spear "Nuips" {pain, Dex+4}
   (You bought it in a shop on level 3 of the Dungeon)

   In the hands of one skilled in necromantic magic, it inflicts extra damage on
   living creatures.
   Your inability to study Necromancy prevents you from drawing on the full
   power of this weapon.
   Dex:       It affects your dexterity (+4).
 M - a +4 scimitar
Armour
 v - a +0 scale mail of fire resistance
 w - a +1 pair of gloves (worn)
 G - a +1 robe of positive energy
 H - a +0 helmet (worn)
 I - a +2 buckler of reflection (worn)
 K - a +0 cloak of stealth (worn)
 L - a +2 robe of willpower (worn)
Jewellery
 h - a ring of protection from cold (left hand)
 s - an amulet of reflection (around neck)
 x - a ring of protection from cold
Wands
 p - a wand of flame (14)
 y - a wand of light (8)
Scrolls
 g - 2 scrolls of vulnerability
 m - a scroll of enchant weapon
 n - 3 scrolls of teleportation {unknown}
 o - 3 scrolls of silence {unknown}
 q - 2 scrolls of magic mapping
 r - 3 scrolls of fog {unknown}
 z - 3 scrolls of immolation {unknown}
 A - 3 scrolls of poison {unknown}
 J - a scroll of blinking
Potions
 c - 2 potions of resistance
 f - 2 potions of brilliance
 i - 3 potions of invisibility
 j - 2 potions of lignification
 k - 2 potions of curing
 l - 2 potions of ambrosia
 t - 3 potions of attraction
 u - a potion of mutation
 B - a potion of cancellation
 C - 2 potions of might
 D - 2 potions of haste
 E - a potion of magic


   Skills:
 - Level 12.1 Fighting
 + Level 4.7 Short Blades
 - Level 5.0 Dodging
 - Level 5.0 Stealth
 - Level 5.0 Shields
 - Level 9.0 Spellcasting


You had 3 spell levels left.
You knew the following spells:

 Your Spells              Type           Power      Damage    Failure   Level
a - Foxfire               Conj/Fire      100%       2x1d9     1%          1
b - Blink                 Tloc           94%        N/A       1%          2
c - Call Imp              Summ           47%        N/A       1%          2
d - Slow                  Hex            100%       N/A       1%          1
e - Conjure Flame         Conj/Fire      47%        6-21      1%          3
f - Mephitic Cloud        Conj/Pois/Air  47%        N/A       1%          3
g - Passwall              Tmut/Erth      39%        N/A       1%          2
h - Dazzling Flash        Conj/Hex       94%        N/A       1%          3
i - Tukima's Dance        Hex            47%        N/A       1%          3
j - Hailstorm             Conj/Ice       47%        3d11      2%          4
z - Magic Dart            Conj           100%       1d8       1%          1
Your spell library was empty.

Dungeon Overview and Level Annotations

Branches:
Dungeon (9/15)             Temple (1/1) D:6            Lair (0/5) D:9
    Orc (0/2) D:9         Ossuary (visited)

Altars:
Ashenzari
Cheibriados
Dithmenos
Elyvilon
Fedhas
Gozag
Hepliaklqana
Makhleb
Okawaru
Qazlal
Ru
Trog
Uskayaw
Wu Jian
Xom
Yredelemnul
Zin
The Shining One

Shops:
D:3 (   D:9 =


Innate Abilities, Weirdness & Mutations

You are immune to sickness and miasma.
You are immune to poison.
Your flesh is very heat resistant. (rF++)
You are vulnerable to cold. (rC-)
You float through the air rather than walking.
You learn spells naturally, not from books.
Your magical power is your life essence.
You have superior vitality. (+4 MHP)


Message History

The yak gores the yak!
The yak gores itself!
The yak is engulfed in noxious fumes.
The yak appears confused.
Casting: Hailstorm (dangerous; 2% risk of failure)
Confirm with . or Enter, or press ? or * to list all spells.
Casting: Hailstorm (dangerous; 2% risk of failure)
Press: ? - help, Dir - look around, f - activate A cannonade of hail descends around you!
The hail pelts the yak!!
The yak is severely wounded.
The hail pelts the yak!
You kill the yak!
Makhleb accepts your kill.
You feel better.
* * * LOW HITPOINT WARNING * * *
The yak is engulfed in noxious fumes.
The yak is engulfed in noxious fumes.
The yak appears confused.
Casting: Hailstorm (dangerous; 2% risk of failure)
Confirm with . or Enter, or press ? or * to list all spells.
Casting: Hailstorm (dangerous; 2% risk of failure)
Press: ? - help, Dir - look around, f - activate A cannonade of hail descends around you!
The hail pelts the yak.
The yak is heavily wounded.
The hail pelts the yak!
You kill the yak!
Makhleb accepts your kill.
You feel better.
* * * LOW HITPOINT WARNING * * *
Casting: Hailstorm (dangerous; 2% risk of failure)
Confirm with . or Enter, or press ? or * to list all spells.
Aiming: Mephitic Cloud (safe; 1% risk of failure)
Press: ? - help, Shift-Dir - straight line, f - yak
Aim: a yak (heavily wounded, chance to affect: 67%)
The ball explodes into a vile cloud!
The stinking cloud engulfs the yak but does no damage.
The yak is heavily wounded.
The stinking cloud engulfs you but does no damage.
* * * LOW HITPOINT WARNING * * *
The yak is engulfed in noxious fumes.
The yak gores you!
You die...

#........####'########
###.....## #...#
###.##### ###.#
#......# #.# #......#
#.# #......# ##.#####
##......### #......#
.'......'?# #......#
##......#.### #.@?...#
#......#...###○Y§...#
#......###....☼.....#
#......# #####......#
#......# #......#
#......# ###.####
#####.## #.# ####..#
#.# ##.....# #.##


You could see a yak.

Vanquished Creatures
  A two-headed ogre (D:9)
  Pikel (D:4)
  The ghost of corgi the Ducker, an amateur MfGl (D:5)
  A shadow (D:6)
  4 yaks (D:9)
  A wraith (D:7)
  A wyvern (D:8)
  A steam dragon (D:9)
  Menkaure (D:3)
  6 wargs
  A water moccasin (D:9)
  2 sky beasts
  A black bear (D:6)
  An ice beast (D:6)
  2 ogres
  4 lemures (D:4)
  A kobold brigand (D:7)
  An elf zombie (D:4)
  2 bullfrogs
  2 necrophages
  2 scorpions (D:5)
  An elf skeleton (D:4)
  13 wights
  3 killer bees (D:9)
  2 jellies
  A gnoll bouda (D:8)
  5 orc priests
  3 hounds
  A human skeleton (D:4)
  2 iguanas
  8 orc wizards
  9 mummies
  Robin (D:3)
  7 gnolls
  A howler monkey skeleton (D:3)
  4 adders
  An ufetubus (D:5)
  4 dart slugs
  18 orcs
  6 bats
  5 endoplasms
  2 giant cockroaches
  A gnoll zombie (Ossuary)
  20 goblins
  8 hobgoblins
  8 jackals
  9 kobolds
  5 quokkas
  7 ball pythons
  A frilled lizard (D:2)
  A hobgoblin zombie (Ossuary)
  4 kobold zombies (Ossuary)
  3 orc skeletons (D:4)
  2 orc zombies (Ossuary)
  A quokka skeleton (D:3)
  4 rats
208 creatures vanquished.

Vanquished Creatures (others)
  Maurice (D:9)
  565 foxfires
  2 plants (D:2)
568 creatures vanquished.

Grand Total: 776 creatures vanquished

Notes
Turn   | Place    | Note
-------+----------+-------------------------------------------
     0 | D:1      | Melum the Djinni Hedge Wizard began the quest for the Orb.
     0 | D:1      | Melum set off with the following spells memorised: Magic
                  | Dart, Blink, Call Imp, Slow, Conjure Flame, Mephitic Cloud.
     0 | D:1      | Reached XP level 1. HP: 15/15 MP: 0/0
   270 | D:1      | Reached XP level 2. HP: 11/21 MP: 0/0
   918 | D:1      | Reached XP level 3. HP: 24/25 MP: 0/0
   918 | D:1      | Learned a level 1 spell: Foxfire
  1081 | D:1      | Found a faded altar of an unknown god.
  2387 | D:2      | Reached XP level 4. HP: 29/31 MP: 0/0
  3039 | D:3      | Found Naulomi's Antique Weapon Emporium.
  3142 | D:3      | You are sucked into a shaft and drop 2 floors!
  3142 | D:5      | Entered Level 5 of the Dungeon
  3220 | D:4      | Found a snail-covered altar of Cheibriados.
  3268 | D:4      | Reached skill level 1 in Fighting
  3301 | D:4      | Reached XP level 5. HP: 30/37 MP: 0/0
  3301 | D:4      | Learned a level 2 spell: Passwall
  3308 | D:4      | Noticed a lemure
  3323 | D:4      | Noticed Pikel
  3328 | D:4      | Killed a lemure
  3329 | D:4      | Noticed a lemure
  3333 | D:4      | Noticed a lemure
  3336 | D:4      | Noticed a lemure
  3352 | D:4      | Reached skill level 12 in Fighting
  3352 | D:4      | Reached XP level 6. HP: 13/61 MP: 0/0
  3403 | D:4      | Killed Pikel
  3404 | D:4      | Reached XP level 7. HP: 12/67 MP: 0/0
  3404 | D:4      | Learned a level 3 spell: Dazzling Flash
  3624 | D:4      | Reached skill level 5 in Dodging
  3626 | D:4      | Found a sand-covered staircase.
  3644 | D:4      | Reached XP level 8. HP: 18/72 MP: 0/0
  3746 | Ossuary  | Entered an ossuary
  4426 | D:4      | Found an ornate altar of the Wu Jian Council.
  4824 | D:3      | Found a transporter.
  4825 | D:3      | Found a transporter.
  4846 | D:3      | Noticed Menkaure
  4856 | D:3      | Bought an iridescent spear for 160 gold pieces
  4856 | D:3      | Identified the +6 spear "Nuips" {pain, Dex+4} (You bought
                  | it in a shop on level 3 of the Dungeon)
  4874 | D:3      | Found a basalt altar of Yredelemnul.
  4876 | D:3      | Noticed Robin
  4899 | D:3      | Killed Robin
  5483 | D:3      | Killed Menkaure
  5485 | D:3      | HP: 5/108 [wight/+3 trident (8)]
  5486 | D:3      | HP: 2/108 [wight/+3 trident (3)]
  5931 | D:5      | Found a glowing golden altar of the Shining One.
  5999 | D:5      | Found a runed translucent door.
  6004 | D:5      | Noticed corgi's ghost (amateur MfGl)
  6032 | D:5      | Killed corgi's ghost
  6033 | D:5      | Reached XP level 9. HP: 40/77 MP: 0/0
  6033 | D:5      | Learned a level 3 spell: Tukima's Dance
  6286 | D:5      | Reached skill level 5 in Stealth
  6290 | D:5      | Reached XP level 10. HP: 84/84 MP: 0/0
  6326 | D:5      | Found an iron altar of Okawaru.
  6507 | D:5      | Reached skill level 1 in Shields
  7260 | D:6      | Found a staircase to the Ecumenical Temple.
  7265 | Temple   | Entered the Ecumenical Temple
  7279 | Temple   | Became a worshipper of Makhleb the Destroyer
  7522 | D:6      | Found a hide-covered altar of Uskayaw.
  7845 | D:6      | Found a bloodstained altar of Trog.
  8360 | D:7      | Reached * piety under Makhleb
  8789 | D:8      | Reached skill level 5 in Shields
  9609 | D:9      | Found a staircase to the Orcish Mines.
  9789 | D:9      | Found Ofyt's Jewellery Emporium.
  9799 | D:9      | Reached XP level 11. HP: 88/89 MP: 0/0
  9799 | D:9      | Learned a level 4 spell: Hailstorm
  9888 | D:9      | Noticed Maurice
  9906 | D:9      | Killed Maurice
  9994 | D:9      | Found a shimmering altar of Xom.
 10003 | D:9      | Noticed a two-headed ogre
 10056 | D:9      | HP: 2/89 [warg (2)]
 10062 | D:9      | Reached skill level 1 in Short Blades
 10549 | D:9      | Killed a two-headed ogre
 10719 | D:9      | Found a staircase to the Lair.
 10749 | D:9      | Found a white marble altar of Elyvilon.
 10900 | D:9      | Reached ** piety under Makhleb
 10914 | D:9      | Slain by a yak

Illustrated notes

Levels and vault maps discovered:
D:1:      dpeg_arrival_simpleton_b, layout_basic, ebering_ecumenical_altar_webs
D:2:      layout_loops_ring, dk_vineyard_3,
          nicolae_concentric_dashed_squares_mild, serial_bayou_lake_a
D:3:      layout_basic, gammafunk_temple_of_torment, serial_shops, shop,
          uniq_robin
D:4:      layout_basic, nicolae_sif_muna_condensation, kennysheep_mini,
          slow_altar_2, nicolae_ossuary_entry_catacombs, uniq_pikel
D:5:      layout_layer_cave, nicolae_tso_carved_into_rock,
          mainiacjoe_overflow_paths, ebering_ghost_reflecting_pool, minivault_19
D:6:      layout_basic, mainiacjoe_overflow_brackets,
          nicolae_uskayaw_dance_hall, minmay_temple_entry_steel_oval,
          dk_noncrumbling_4
D:7:      layout_rooms
D:8:      layout_basic
D:9:      layout_roguey, kennysheep_little_box, jmf_multi_god_temple,
          erik_lair_orcish_takeover, minmay_orc_entry_guard_dogs, serial_shops,
          shop, uniq_maurice, uniq_erica
Temple:   hellmonk_temple_rainy

Skill      XL: |  1  2  3  4  5  6  7  8  9 10 11 |
---------------+----------------------------------+-----
Spellcasting   | 3 4 8 9 |  9.0
Fighting       | 1 12 | 12.1
Dodging        | 4 5 |  5.0
Stealth        | 2 4 5 |  5.0
Shields        | 5 |  5.0
Short Blades   | 4 |  4.7

Action                   |  1- 3 |  4- 6 |  7- 9 | 10-12 || total
-------------------------+-------+-------+-------+-------++-------
Melee: Short sword       |       |    14 |    22 |       ||    36
       Whip              |       |       |    27 |   145 ||   172
       Spear             |       |       |     7 |       ||     7
       Punch             |       |       |     1 |       ||     1
       Dagger            |       |       |       |     2 ||     2
 Cast: Magic Dart        |    97 |    18 |       |       ||   115
       Foxfire           |       |    35 |   118 |   170 ||   323
       Mephitic Cloud    |       |     3 |       |     2 ||     5
       Blink             |       |     2 |     1 |    13 ||    16
       Call Imp          |       |     1 |       |       ||     1
       Conjure Flame     |       |     1 |       |     2 ||     3
       Slow              |       |       |     1 |     4 ||     5
       Hailstorm         |       |       |       |    13 ||    13
       Dazzling Flash    |       |       |       |     2 ||     2
       Tukima's Dance    |       |       |       |     1 ||     1
       Passwall          |       |       |       |     1 ||     1
Evoke: Wand              |       |       |       |     2 ||     2
  Use: Scroll            |       |     5 |     3 |     7 ||    15
       Potion            |       |     6 |     2 |     3 ||    11
 Stab: Confused          |       |     1 |       |       ||     1
       Sleeping          |       |       |     2 |     3 ||     5
Armor: Robe              |     2 |     1 |    16 |    27 ||    46
       Skin              |       |    10 |       |     2 ||    12
Dodge: Dodged            |     7 |     4 |    39 |    68 ||   118
Block: Buckler           |       |       |     3 |   103 ||   106
       Reflection        |       |       |       |     4 ||     4
